 Dungeon Crawl Stone Soup version 0.21-a0-426-g98080a9 (webtiles) character file.

119 Gorice the Chopper (level 4, 0/52 HPs)
             Began as a Demonspawn Wanderer on Nov 6, 2017.
             Slain by a crocodile (2 damage)
             ... in a sewer.
             The game lasted 00:10:32 (2523 turns).

Gorice the Chopper (Demonspawn Wanderer)            Turns: 2523, Time: 00:10:33

Health: 0/52       AC: 22    Str: 17 (20) XL:     4   Next: 74%
Magic:  4/4        EV:  2    Int: 11 (13) God:
Gold:   81         SH:  0    Dex:  9 (11) Spells: 3/3 levels left

rFire    + . .     SeeInvis .   c - +0 hand axe
rCold    . . .     Gourm    .   (no shield)
rNeg     + + +     Faith    .   (armour currently unavailable)
rPois    +         Spirit   .   (helmet currently unavailable)
rElec    .         Reflect  .   (cloak currently unavailable)
rCorr    .         Harm     .   (gloves currently unavailable)
MR       .....     NoTele   +   (boots currently unavailable)
Stlth    ++........             (no amulet)
HPRegen  0.17/turn              o - ring of protection from fire
MPRegen  0.09/turn              q - +5 ring of strength

@: tree-form (expiring)
A: no striking features
a: no special abilities


You were in a sewer.
You were hungry.
You were a tree.
You visited 1 branch of the dungeon, and saw 3 of its levels.
You also visited: Sewer.

You collected 81 gold pieces.

Inventory:

Hand Weapons
 c - a +0 hand axe (weapon)
 d - a +0 dagger
Missiles
 k - 32 bolts
 p - 23 sling bullets
 Y - 114 stones (quivered)
Armour
 a - a +3 scale mail (melded)
Magical Staves
 n - an uncursed staff of death {unknown}
Jewellery
 o - a ring of protection from fire (left branch)
 q - a +5 ring of strength (right branch)
Wands
 h - a wand of lightning (0/15)
Scrolls
 e - a scroll of enchant weapon {unknown}
 g - a scroll of amnesia {unknown}
Potions
 r - a potion of cancellation {unknown}
 s - a potion of degeneration {!q}
 t - a potion of mutation {unknown}
Comestibles
 f - 2 bread rations {!e}
 i - 2 meat rations {!e}
 j - 2 royal jellies
 m - 5 chunks of flesh


   Skills:
 - Level 3.0 Fighting
 - Level 1.0 Short Blades
 * Level 3.5 Axes
 + Level 2.4 Armour
 - Level 1.0 Dodging
 - Level 1.7 Stealth
   Level 1.0 Shields


You had 3 spell levels left.
You didn't know any spells.

Dungeon Overview and Level Annotations

Branches:
Dungeon (3/15)

Altars:
Sif Muna

Annotations:
D:3 Grinder


Innate Abilities, Weirdness & Mutations

((Your movements are slightly less encumbered by armour. (ER -2)))


Message History

Evoke which item? (* to show all) (? for menu, Esc to quit)
Aiming: Lightning Bolt (will waste charges)
Press: ? - help, Shift-Dir - straight line, f/p - crocodile
Aim: a crocodile (almost dead) Nothing appears to happen.
The crocodile bites you but does no damage.
You hit the crocodile but do no damage.
The crocodile is almost dead.
The crocodile bites you but does no damage.
You closely miss the crocodile.
The crocodile is almost dead.
The crocodile bites you but does no damage.
You barely miss the crocodile.
The crocodile is almost dead.
The crocodile bites you.
* * * LOW HITPOINT WARNING * * *
Damage: 5 (max 14)
You closely miss the crocodile.
The crocodile is almost dead.
The crocodile bites you.
* * * LOW HITPOINT WARNING * * *
Damage: 5 (max 14)
You closely miss the crocodile.
The crocodile is almost dead.
The crocodile bites you!
* * * LOW HITPOINT WARNING * * *
Damage: 10 (max 14) Unknown command.
It was a potion of degeneration.
There was something very wrong with that liquid.
You feel weakened.
You feel dopey.
You feel clumsy.
The crocodile bites you but does no damage.
It was a potion of curing.
You feel better.
The crocodile bites you but does no damage.
You hit the crocodile.
The crocodile is almost dead.
Your transformation is almost over.
The crocodile bites you but does no damage. x2
You closely miss the crocodile.
The crocodile is almost dead.
The crocodile bites you but does no damage.
You closely miss the crocodile.
The crocodile is almost dead.
The crocodile bites you!
* * * LOW HITPOINT WARNING * * *
Damage: 8 (max 14)
You barely miss the crocodile.
The crocodile is almost dead.
The crocodile bites you.
You die...

### #≈# ####
#≈###### ...###
##≈##...# ≈≈...###
#.≈.#.∩.#
##≈....###
#.≈...∩.#
###≈≈.≈.###≈≈.t♣..#
##≈...≈.≈≈≈.#####
#≈..≈.###≈))....#
#..≈..### #.≈.....#
≈.≈..### #.≈.#...#
...## ##≈##...# ###
#≈###.## #≈##..#
#≈##..#


You could see a crocodile.

Vanquished Creatures
  4 gnolls
  An ooze (D:1)
  2 worms
  3 dart slugs (D:1)
  3 leopard geckos
  8 goblins
  3 hobgoblins
  6 jackals
  10 kobolds
  2 ball pythons
  8 bats
  3 frilled lizards (D:1)
  10 rats
63 creatures vanquished.

Notes
Turn   | Place    | Note
-------+----------+-------------------------------------------
     0 | D:1      | Gorice the Demonspawn Wanderer began the quest for the Orb.
     0 | D:1      | Gorice set off with: a +2 scale mail, a potion of lignification {!q}, a +0 hand axe, a +0 dagger, a bread ration {!e}
     0 | D:1      | Reached XP level 1. HP: 18/18 MP: 1/1
   122 | D:1      | Gained mutation: Your movements are slightly less encumbered by armour. (ER -2) [demonic ancestry]
   122 | D:1      | Reached XP level 2. HP: 24/24 MP: 2/2
   245 | D:1      | Reached skill level 2 in Axes
   553 | D:1      | Reached XP level 3. HP: 28/29 MP: 3/3
  1140 | D:2      | Found a deep blue altar of Sif Muna.
  1206 | D:1      | Reached skill level 2 in Armour
  1432 | D:1      | Reached skill level 3 in Axes
  1432 | D:1      | Reached XP level 4. HP: 35/35 MP: 4/4
  2075 | D:3      | Noticed Grinder
  2388 | D:3      | Found a glowing drain.
  2402 | Sewer    | Entered a sewer
  2476 | Sewer    | Noticed a crocodile
  2516 | Sewer    | HP: 11/52 [crocodile (5)]
  2517 | Sewer    | HP: 1/52 [crocodile (10)]
  2522 | Sewer    | HP: 1/52 [crocodile (8)]
  2523 | Sewer    | Slain by a crocodile

Vault maps used:
D:1:      dpeg_arrival_rhombi, serial_bayou_pond_e, minmay_bisected
D:2:      lemuel_blue_sif_altar
D:3:      bloody_trog, cheibrodos_sewer_entry_bend, minivault_4, uniq_grinder
Sewer:    sewer_the_crocodile

Skill      XL: |  1  2  3 |
---------------+----------+-----
Axes           | 2 3 |  3.5
Armour         | 2 |  2.4
Fighting       | |  3.0
Short Blades   | |  1.0
Dodging        | |  1.0
Stealth        | |  1.7
Shields        | |  1.0

Action                   |  1- 3 |  4- 6 || total
-------------------------+-------+-------++-------
Melee: Hand axe          |   161 |   101 ||   262
Throw: Stone             |    11 |     4 ||    15
Evoke: Wand              |       |     3 ||     3
  Use: Scroll            |       |     4 ||     4
       Potion            |       |     3 ||     3
  Eat: Chunk             |     2 |     3 ||     5
Armor: Scale mail        |    81 |    41 ||   122
       Skin              |       |    15 ||    15
Dodge: Dodged            |   100 |    47 ||   147

Table legend:
 A = Spawn XP
 B = Non-spawn XP
 C = Spawn XP percentage of total XP
 D = Spawn monster count
 E = Non-spawn monster count
 F = Spawn count percentage of total count
 G = Total turns spent on level
                    A         B        C        D         E        F      G
               +---------+---------+-------+---------+---------+-------+---------
         Total |       0 |     171 |   0.0 |       0 |      63 |   0.0 |  2523
               +---------+---------+-------+---------+---------+-------+---------
           D:1 |       0 |     101 |   0.0 |       0 |      40 |   0.0 |  1229
           D:2 |       0 |      48 |   0.0 |       0 |      12 |   0.0 |   781
           D:3 |       0 |      13 |   0.0 |       0 |       6 |   0.0 |   392
         Sewer |       0 |       9 |   0.0 |       0 |       5 |   0.0 |   121
               +---------+---------+-------+---------+---------+-------+---------

Table legend:
 A = Turns spent in this place as a percentage of turns spent in the entire game.
 B = Non-inter-level travel turns spent in this place as a percentage of non-inter-level travel turns spent in the entire game.
 C = Inter-level travel turns spent in this place as a percentage of turns spent in this place.
 D = Turns resting spent in this place as a percentage of non-inter-level travel turns spent in this place.
 E = Turns spent auto-exploring this place as a percentage of non-inter-level travel turns spent in this place.
 F = Non-inter-level travel turns spent in this place divided by the number of levels of this place that you've seen.
                   A       B       C       D       E      F
               +-------+-------+-------+-------+-------+----------------------
         Total | 100.0 | 100.0 |   4.4 |  10.5 |  44.0 | 602.8
       Dungeon |  95.2 |  95.0 |   4.7 |  11.1 |  45.4 | 763.3
         Sewer |   4.8 |   5.0 |   0.0 |   0.0 |  19.0 | 121.0
               +-------+-------+-------+-------+-------+----------------------

Vault maps used:
D:1:      dpeg_arrival_rhombi, serial_bayou_pond_e, minmay_bisected
D:2:      lemuel_blue_sif_altar
D:3:      bloody_trog, cheibrodos_sewer_entry_bend, minivault_4, uniq_grinder
Sewer:    sewer_the_crocodile
